 Dungeon Crawl Stone Soup version 0.17-a0-1910-g4c791fa (webtiles) character file.

2137 Kaesh the Ruffian (level 9, -3/88 HPs)
             Began as a Troll Monk on Sept 26, 2015.
             Slain by a yak (12 damage)
             ... on level 7 of the Dungeon.
             The game lasted 00:16:37 (4825 turns).

Kaesh the Ruffian (Troll Monk)                      Turns: 4825, Time: 00:16:37

Health: -3/88      AC:  7    Str: 26    XL:     9   Next: 9%
Magic:  8/8        EV: 12    Int:  6    God:
Gold:   380        SH:  0    Dex: 12    Spells: 0 memorised, 8 levels left

rFire  . . .     SeeInvis .       - Unarmed
rCold  . . .     Clarity  .     a - +1 robe
rNeg   . . .     SustAt   .     (no shield)
rPois  .         Gourm    +     (helmet restricted)
rElec  .         Spirit   .     p - +0 cloak
rCorr  .         Warding  .     (gloves unavailable)
rMut   .         Stasis   .     (boots unavailable)
MR     .....                    (no amulet)
Stlth  ++........               l - ring of fire
                                i - ring of ice

@: not resistant to hostile enchantments, unstealthy
A: unfitting armour, claws 3, fast metabolism 3, gourmand, regeneration 2,
shaggy fur 1, strong 1, tough skin 2
a: no special abilities


You were on level 7 of the Dungeon.
You were full.

You visited 2 branches of the dungeon, and saw 8 of its levels.

You collected 380 gold pieces.

Inventory:

Armour
 a - a +1 robe (worn)
 p - a +0 cloak (worn)
Jewellery
 i - a ring of ice (left claw)
 l - a ring of fire (right claw)
Magical devices
 n - a wand of digging (6)
Scrolls
 d - 2 scrolls of enchant weapon
 h - 2 scrolls of remove curse
 j - 6 scrolls of identify
 o - a scroll of enchant armour
 q - 3 scrolls of teleportation
Potions
 c - 4 potions of curing
 g - a potion of beneficial mutation
 k - 3 potions of resistance
 m - a potion of brilliance
 v - 2 potions of flight
Comestibles
 b - 4 bread rations
 f - 4 meat rations
 r - 3 fruits
 s - 3 chunks of flesh
 u - a beef jerky
 x - a royal jelly


   Skills:
 + Level 5.5 Fighting
 + Level 4.2 Armour
 + Level 5.8 Dodging
 - Level 1.5 Stealth
 + Level 7.3 Unarmed Combat


You had 8 spell levels left.
You didn't know any spells.

Dungeon Overview and Level Annotations

Branches:
Dungeon (7/15)             Temple (1/1) D:4

Altars:
Dithmenos
Elyvilon
Gozag
Kikubaaqudgha
Makhleb
Nemelex Xobeh
Qazlal
Ru
Sif Muna
Vehumet
Xom
Yredelemnul
Zin
The Shining One


Innate Abilities, Weirdness & Mutations

You are too large for most types of armour.
You have claws for hands.
Your metabolism is lightning-fast.
You like to eat raw meat.
You heal very quickly.
You are covered in fur (AC +1).
You have very tough skin (AC +2).
Your muscles are strong. (Str +2)


Message History

You kill the yak!
You barely miss the yak. The yak closely misses you. The yak barely misses you.
You scratch the yak but do no damage. You claw the yak!
The yak is moderately wounded.
The yak misses you. The yak closely misses you.
You scratch the yak but do no damage.
The yak is moderately wounded.
The yak misses you. The yak gores you!
* * * LOW HITPOINT WARNING * * *
You claw the yak!
The yak is severely wounded.
The yak misses you. The yak closely misses you.
You closely miss the yak.
The yak is severely wounded.
The yak barely misses you. The yak gores you.
* * * LOW HITPOINT WARNING * * *
You barely miss the yak.
The yak is severely wounded.
The yak misses you. The yak gores you!
You die...

. .. ... ....
##.....
####..$...#
#@YY......#
######Y#......+
##...##.#......#
#.......###+#...
####+##.+...+ ..
#.....#.#... .
#.....#.##.#
+.....#.##.#
#.....'..).#


You could see 3 yaks.

Vanquished Creatures
  Grinder (D:6)
  Sigmund (D:6)
  2 yaks (D:7)
  Menkaure (D:6)
  A black bear (D:6)
  A sky beast (D:6)
  An ice beast (D:6)
  3 phantoms
  3 ogres
  A centaur (D:6)
  2 giant frogs (D:6)
  A crimson imp (D:5)
  A jelly (D:5)
  Crazy Yiuf (D:6)
  A centaur skeleton (D:4)
  A hound (D:6)
  A killer bee zombie (D:5)
  A hound skeleton (D:5)
  9 adders
  3 shadow imps
  2 oozes
  An adder skeleton (D:7)
  3 worms
  4 giant geckos
  8 orcs
  3 ball pythons
  3 bats
  2 giant cockroaches
  8 goblins
  5 hobgoblins
  3 jackals (D:2)
  7 kobolds
  3 quokkas
  A giant gecko skeleton (D:4)
  5 giant newts
  A jackal skeleton (D:4)
  A quokka zombie (D:6)
  8 rats
104 creatures vanquished.

Notes
Turn   | Place    | Note
--------------------------------------------------------------
     0 | D:1      | Kaesh the Troll Monk began the quest for the Orb.
     0 | D:1      | Reached XP level 1. HP: 22/22 MP: 0/0
   409 | D:1      | Reached XP level 2. HP: 29/29 MP: 1/1
   897 | D:2      | Reached XP level 3. HP: 33/36 MP: 2/2
  1399 | D:2      | Reached XP level 4. HP: 42/44 MP: 3/3
  2152 | D:3      | Found a deep blue altar of Sif Muna.
  2200 | D:3      | Reached XP level 5. HP: 47/53 MP: 4/4
  2331 | D:4      | Noticed an ogre
  2338 | D:4      | Killed an ogre
  2338 | D:4      | Reached skill level 5 in Unarmed Combat
  2375 | D:4      | Noticed a phantom
  2392 | D:4      | Killed a phantom
  2392 | D:4      | Reached skill level 1 in Armour
  2392 | D:4      | Reached XP level 6. HP: 52/61 MP: 5/5
  2565 | D:4      | Found a staircase to the Ecumenical Temple.
  2626 | Temple   | Entered the Ecumenical Temple
  2994 | D:4      | You fall through a shaft!
  2994 | D:5      | Entered Level 5 of the Dungeon
  3624 | D:5      | Reached XP level 7. HP: 68/68 MP: 6/6
  3969 | D:6      | Reached skill level 6 in Unarmed Combat
  3971 | D:6      | Noticed Menkaure
  3990 | D:6      | Killed Menkaure
  4056 | D:6      | Found a burning altar of Makhleb.
  4059 | D:6      | Found an ancient bone altar of Kikubaaqudgha.
  4073 | D:6      | Reached XP level 8. HP: 79/79 MP: 7/7
  4165 | D:6      | Reached skill level 5 in Dodging
  4293 | D:6      | Noticed Sigmund
  4305 | D:6      | Killed Sigmund
  4334 | D:6      | Noticed Crazy Yiuf
  4341 | D:6      | Killed Crazy Yiuf
  4354 | D:6      | Gained mutation: Your muscles are strong. (Str +2) [potion of beneficial mutation]
  4455 | D:6      | Reached skill level 5 in Fighting
  4556 | D:6      | Noticed Grinder
  4564 | D:6      | Killed Grinder
  4564 | D:6      | Reached skill level 7 in Unarmed Combat
  4812 | D:7      | Reached XP level 9. HP: 40/88 MP: 8/8
  4825 | D:7      | Slain by a yak

Vault maps used:
D:1:      dpeg_arrival_line_fractal, minivault_27, minmay_vboxes
D:3:      lemuel_blue_sif_altar
D:4:      minmay_temple_entry_junction2, first_bread
D:5:      minmay_misc_feat_roman
D:6:      grunt_temple_overflow_open, st_stairs_8, minmay_crystal_water,
          uniq_crazy_yiuf_cottage, uniq_menkaure, uniq_sigmund, uniq_grinder
Temple:   dpeg_five_rooms_temple_12

Action                   |  1- 3 |  4- 6 |  7- 9 || total
-------------------------+-------+-------+-------++-------
Melee: Unarmed           |    93 |   120 |   122 ||   335
  Use: Potion            |       |     8 |     1 ||     9
       Scroll            |       |     7 |       ||     7
 Stab: Sleeping          |     3 |     3 |     1 ||     7
  Eat: Chunk             |    15 |    19 |    14 ||    48
